 Dungeon Crawl Stone Soup version 0.29.0-13-gc9e81de378 (webtiles) character file.

Game seed: 3446942735763722943

16279 Ashen the Covert (level 12, -23/92 HPs)
             Began as a Demonspawn Ice Elementalist on Sept 7, 2022.
             Was an Elder of Vehumet.
             Killed from afar by a bog body (41 damage)
             ... with a bolt of cold
             ... on level 2 of the Lair of Beasts.
             The game lasted 00:32:46 (12198 turns).

Ashen the Covert (Demonspawn Ice Elementalist)     Turns: 12198, Time: 00:32:46

Health: -23/92     AC:  8    Str: 12 (15) XL:     12   Next: 8%
Magic:  23/23      EV: 14    Int: 22 (24) God:    Vehumet [****..]
Gold:   678        SH:  0    Dex: 13      Spells: 7/26 levels left

rFire   . . .      SeeInvis +   m - +2 short sword (protect)
rCold   . . .      Faith    .   (no shield)
rNeg    . . .      Spirit   .   P - +1 leather armour of Gafofo {rElec rPois Str+6}
rPois   +          Reflect  .   J - +1 helmet
rElec   +          Harm     .   N - +0 cloak
rCorr   .          Rampage  .   v - +0 pair of gloves
Will    +....                   (no boots)
Stlth   ++++......              G - amulet of magic regeneration
HPRegen 0.25/turn               u - ring of see invisible
MPRegen 0.58/turn               d - ring of willpower

@: no status effects
A: powered by death 2, big brain 1, demonic magic 2, demonic touch 2
a: Renounce Religion


You were on level 2 of the Lair of Beasts.
You worshipped Vehumet.
Vehumet was greatly pleased with you.
You visited 2 branches of the dungeon, and saw 14 of its levels.

You collected 678 gold pieces.

Inventory:

Hand Weapons
 a - a +1 falchion of electrocution
 m - a +2 short sword of protection (weapon)
 U - a +0 whip of venom
Armour
 v - a +0 pair of gloves (worn)
 J - a +1 helmet (worn)
 N - a +0 cloak (worn)
 P - the +1 leather armour of Gafofo (worn) {rElec rPois Str+6}
   (You found it on level 9 of the Dungeon)

   Str:       It affects your strength (+6).
   rElec:     It insulates you from electricity.
   rPois:     It protects you from poison.
Magical Staves
 T - a staff of air
Jewellery
 d - a ring of willpower (right hand)
 h - a +4 ring of evasion
 u - a ring of see invisible (left hand)
 D - an amulet of reflection
 E - a ring of resist corrosion
 G - an amulet of magic regeneration (around neck)
 H - a ring of flight
 W - a ring of protection from cold
Wands
 w - a wand of flame (48)
 y - a wand of light (7)
 B - a wand of roots (37)
 Q - a wand of charming (8)
Scrolls
 c - a scroll of blinking
 f - a scroll of fear {unknown}
 j - 3 scrolls of noise
 k - 2 scrolls of amnesia
 n - 4 scrolls of fog
 q - 3 scrolls of magic mapping
 r - 7 scrolls of teleportation
 t - 3 scrolls of immolation
 x - 4 scrolls of poison
 A - a scroll of enchant weapon
 K - a scroll of silence {unknown}
 L - a scroll of enchant armour
 M - 2 scrolls of vulnerability
 X - a scroll of torment {unknown}
Potions
 b - 2 potions of magic
 e - 7 potions of brilliance
 g - 11 potions of curing
 i - a potion of attraction
 l - a potion of resistance
 o - 2 potions of cancellation
 p - 3 potions of might
 s - 2 potions of flight
 z - a potion of berserk rage
 I - 2 potions of heal wounds {unknown}
 O - 2 potions of haste {unknown}
 R - a potion of ambrosia {unknown}
 S - a potion of mutation {unknown}


   Skills:
 + Level 7.8 Fighting
 + Level 5.5 Short Blades
 + Level 7.4 Dodging
 + Level 8.1 Stealth
 + Level 7.6 Spellcasting
 + Level 6.1 Conjurations
 + Level 3.2 Necromancy
 + Level 8.1 Ice Magic


You had 7 spell levels left.
You knew the following spells:

 Your Spells              Type           Power      Damage    Failure   Level
a - Freeze                Ice            100%       1d11      1%          1
b - Frozen Ramparts       Ice            88%        1d14      1%          3
c - Ozocubu's Armour      Ice            44%        N/A       1%          3
d - Hailstorm             Conj/Ice       39%        3d9       1%          4
e - Blink                 Tloc           16%        N/A       16%         2
f - Death Channel         Necr           11%        N/A       98%         6

Your spell library contained the following spells:

 Spells                   Type           Power      Damage    Failure   Level
 Iskenderun's Mystic Bla  Conj/Tloc      21%        2d6       8%          4
 Magic Dart               Conj           100%       1d8       1%          1
 Searing Ray              Conj           70%        2d7       1%          2
 Fulminant Prism          Conj/Hex       10%        3d9       8%          4
 Inner Flame              Hex/Fire       8%         N/A       9%          3
 Beastly Appendage        Tmut           16%        N/A       10%         1
 Wereblood                Tmut           8%         N/A       16%         2
 Dispel Undead            Necr           22%        3d12      26%         4
 Confusing Touch          Hex            8%         N/A       30%         3
 Lesser Beckoning         Tloc           8%         N/A       30%         3
 Spider Form              Tmut/Pois      8%         N/A       30%         3
 Corpse Rot               Necr/Pois/Air  13%        N/A       54%         4
 Yara's Violent Unravell  Hex/Tmut       4%         3d4       54%         5
 Cause Fear               Hex            4%         N/A       69%         4
 Manifold Assault         Tloc           8%         N/A       95%         5
 Enfeeble                 Hex            4%         N/A       100%        7
 Discord                  Hex            4%         N/A       100%        8


Dungeon Overview and Level Annotations

Branches:
Dungeon (12/15)            Temple (0/1) D:5            Lair (2/5) D:9
  Swamp (0/4) Lair:2        Snake (0/4) Lair:2          Orc (0/2) D:11

Altars:
Fedhas
Gozag
Hepliaklqana
Kikubaaqudgha
Qazlal
Ru
Vehumet
Yredelemnul

Shops:
D:9 (

Annotations:
Lair:2 Fannar


Innate Abilities, Weirdness & Mutations

You regenerate health from kills.
You have an unusually large brain. (Int +2)
Spells you cast may paralyse nearby enemies.
Your touch may inflict irresistible damage on your foes.


Message History

There is a stone staircase leading up here.
A bog body is nearby!
You enter the shallow water.
Moving in this stuff is going to be slow.
The bog body casts a spell at you. You resist with almost no effort.
The bog body closely misses you.
Your unstable footing causes you to fumble your attack.
The bog body touches you. The bog body freezes you!!
Casting: Freeze (safe; 1% risk of failure)
Confirm with . or Enter, or press ? or * to list all spells.
Aiming: Freeze (safe; 1% risk of failure)
Press: ? - help, Shift-Dir - straight line, f - bog body
Aim: a bog body (thin mist)
You freeze the bog body.
The bog body resists.
The bog body is lightly damaged.
Malevolent energies surge around you. The bog body casts a spell at you.
The bolt of cold hits you!!
The bog body points at you and mumbles some strange words.
The bolt of cold hits you!!
* * * LOW HITPOINT WARNING * * *
You feel better.
The bog body points at you and mumbles some strange words.
You resist with almost no effort.
Press: ? - help, v - describe, . - travel
Here: a bog body The floor.
A bog body is nearby!
Okay, then.
As you read the scroll of summoning, it crumbles to dust.
Wisps of shadow whirl around you... The bog body touches your blink frog.
The bog body freezes your blink frog!!
Your blink frog seems to slow down.
Your blink frog dies!
Your blink frog's corpse dissolves into shadows!
You swap places.
The bog body casts a spell at you. The bolt of cold misses your wolf.
The bolt of cold hits you!!!
You die...

.# #P......)...###..##..##.#
.# ##...........# ##..####..#
##
#...............####....#...#
#
#................P##.#....#..
#
##...............P######.÷...#
#
#...§............P..##P#÷....#
#
#P..§§§§...............÷.÷...#
#
#..~§~§§.##....F............#
#..§§§♣~§##.@h.........P#####
~♣♣§~§nhh.F..F......##
#§..~~♣..#hh...........####
#.......##.............P#.##
.......#####................#
....... ##.h....######....#
....... #......## #....#
....... ##.....## ##....#
###.... #.......# #.....#


You could see a bog body (ally target), a friendly polar bear (summoned), 3
friendly blink frogs and 5 friendly wolves.

Vanquished Creatures
  Erolcha (D:11)
  2 hydras
  A two-headed ogre (D:11)
  A swamp dragon (shapeshifter) (D:11)
  Maggie (D:7)
  A gargoyle (D:10)
  A kobold demonologist (D:8)
  A rime drake (Lair:1)
  3 cane toads
  An unseen horror (D:11)
  4 komodo dragons
  2 trolls (D:10)
  Prince Ribbit (D:9)
  3 blink frogs (Lair:2)
  2 wraiths (D:9)
  13 yaks
  4 steam dragons
  3 nagas (Lair:2)
  A swamp worm (D:11)
  2 acid dragons
  7 water moccasins
  2 sky beasts
  4 black bears
  3 ice beasts
  An orc warrior (D:11)
  7 centaurs
  7 wolves
  3 ogres
  A kobold brigand (D:8)
  5 bullfrogs
  2 necrophages (D:6)
  2 scorpions
  7 wights
  15 killer bees
  3 howler monkeys
  4 hounds
  2 jellies
  6 orc priests
  5 iguanas
  Terence (D:3)
  6 orc wizards
  7 gnolls
  5 adders
  4 shadow imps (D:8)
  An ufetubus (D:6)
  A worm (D:4)
  3 dart slugs
  27 orcs
  2 ball pythons
  11 endoplasms
  9 giant cockroaches
  2 goblins
  5 hobgoblins
  4 jackals (D:2)
  6 quokkas
  9 bats
  3 frilled lizards
  6 kobolds
  3 rats
249 creatures vanquished.

Vanquished Creatures (others)
  4 fungi
  7 plants
11 creatures vanquished.

Grand Total: 260 creatures vanquished

Notes
Turn   | Place    | Note
-------+----------+-------------------------------------------
     0 | D:1      | Ashen the Demonspawn Ice Elementalist began the quest for
                  | the Orb.
     0 | D:1      | Reached XP level 1. HP: 13/13 MP: 3/3
   202 | D:1      | Gained mutation: Spells you cast may paralyse adjacent
                  | enemies. [demonic ancestry]
   202 | D:1      | Reached XP level 2. HP: 14/20 MP: 0/5
   908 | D:1      | Reached skill level 1 in Fighting
  1075 | D:2      | Gained mutation: You regenerate a little health from kills.
                  | [demonic ancestry]
  1075 | D:2      | Reached XP level 3. HP: 26/26 MP: 6/6
  1287 | D:2      | Found a faded altar of an unknown god.
  1757 | D:3      | Noticed Terence
  1767 | D:3      | Killed Terence
  1768 | D:3      | Gained mutation: Your touch may inflict minor irresistible
                  | damage on your foes. [demonic ancestry]
  1768 | D:3      | Reached XP level 4. HP: 12/32 MP: 3/7
  2418 | D:3      | Found a blossoming altar of Fedhas.
  2418 | D:3      | Found a hazy altar of Hepliaklqana.
  2976 | D:4      | Found a basalt altar of Yredelemnul.
  3026 | D:4      | Noticed a scorpion
  3035 | D:4      | Killed a scorpion
  3036 | D:4      | Gained mutation: You regenerate health from kills. [demonic
                  | ancestry]
  3036 | D:4      | Reached XP level 5. HP: 38/38 MP: 6/9
  3318 | D:4      | Found a radiant altar of Vehumet.
  3330 | D:4      | Noticed an ogre
  3330 | D:4      | Noticed an ogre
  3341 | D:4      | Learned a level 3 spell: Frozen Ramparts
  3345 | D:4      | Learned a level 3 spell: Ozocubu's Armour
  3577 | D:4      | Killed an ogre
  3578 | D:4      | Gained mutation: Spells you cast may paralyse nearby
                  | enemies. [demonic ancestry]
  3578 | D:4      | Reached XP level 6. HP: 29/46 MP: 1/10
  3733 | D:4      | Became a worshipper of Vehumet
  3970 | D:4      | Found an opulent altar of Gozag.
  4094 | D:5      | Entered Level 5 of the Dungeon
  4165 | D:5      | Gained mutation: Your touch may inflict irresistible damage
                  | on your foes. [demonic ancestry]
  4165 | D:5      | Reached XP level 7. HP: 52/52 MP: 6/12
  4319 | D:5      | Learned a level 4 spell: Hailstorm
  4501 | D:5      | Found a staircase to the Ecumenical Temple.
  4989 | D:6      | Reached skill level 5 in Ice Magic
  5089 | D:6      | Noticed an air elemental
  5091 | D:6      | Found a stormy altar of Qazlal.
  5133 | D:6      | Reached XP level 8. HP: 60/60 MP: 7/14
  5342 | D:6      | Reached * piety under Vehumet
  5342 | D:6      | Offered knowledge of Shock by Vehumet.
  5441 | D:6      | Found an ancient bone altar of Kikubaaqudgha.
  5743 | D:6      | Reached skill level 5 in Stealth
  6234 | D:7      | Noticed Maggie
  6353 | D:7      | Reached skill level 5 in Spellcasting
  6353 | D:7      | Reached skill level 1 in Conjurations
  6532 | D:7      | Reached skill level 1 in Short Blades
  6814 | D:7      | Found a sacrificial altar of Ru.
  6835 | D:7      | Killed Maggie
  6836 | D:7      | Reached skill level 5 in Fighting
  6836 | D:7      | Reached skill level 5 in Dodging
  6836 | D:7      | Gained mutation: You have an unusually large brain. (Int
                  | +2) [demonic ancestry]
  6836 | D:7      | Reached XP level 9. HP: 68/68 MP: 8/16
  7108 | D:8      | Found a transporter.
  7118 | D:8      | Found a transporter.
  7383 | D:8      | Noticed a kobold demonologist
  7627 | D:8      | Offered knowledge of Poisonous Vapours by Vehumet.
  7628 | D:8      | Reached ** piety under Vehumet
  7629 | D:8      | Noticed a smoke demon
  7629 | D:8      | Killed a kobold demonologist
  7630 | D:8      | Reached XP level 10. HP: 76/76 MP: 6/18
  7865 | D:9      | Found a staircase to the Lair.
  7868 | D:9      | Identified the +1 leather armour of Gafofo {rElec rPois
                  | Str+6}
  7991 | D:9      | Noticed Prince Ribbit
  8004 | D:9      | Killed Prince Ribbit
  8307 | D:9      | Found Toqyrr's Weapon Shop.
  8788 | D:10     | Entered Level 10 of the Dungeon
  9142 | D:10     | Noticed a gargoyle
  9146 | D:10     | Killed a gargoyle
  9506 | D:11     | Noticed a two-headed ogre
  9510 | D:11     | Noticed Erolcha
  9534 | D:11     | Killed a two-headed ogre
  9535 | D:11     | Reached XP level 11. HP: 77/83 MP: 15/21
  9545 | D:11     | Offered knowledge of Static Discharge by Vehumet.
  9553 | D:11     | Killed Erolcha
  9611 | D:11     | Reached skill level 5 in Conjurations
  9693 | D:11     | Learned a level 2 spell: Blink
  9700 | D:11     | Learned a level 6 spell: Death Channel
  9745 | D:11     | Noticed a swamp dragon
  9745 | D:11     | a faun changed into a swamp dragon
  9750 | D:11     | Killed a swamp dragon
  9822 | D:11     | Found a staircase to the Orcish Mines.
  9902 | D:11     | Found a runed translucent door.
  9970 | D:11     | Noticed an orc knight
 10001 | D:11     | Reached *** piety under Vehumet
 10004 | D:11     | an orc knight changed into a swamp worm
 10134 | D:12     | Noticed a deep elf pyromancer
 10206 | Lair:1   | Entered Level 1 of the Lair of Beasts
 10290 | Lair:1   | Reached skill level 1 in Necromancy
 10364 | Lair:1   | Noticed a six-headed hydra
 10370 | Lair:1   | Killed a six-headed hydra
 10370 | Lair:1   | Offered knowledge of Iskenderun's Mystic Blast by Vehumet.
 10426 | Lair:1   | Reached skill level 5 in Short Blades
 10521 | Lair:1   | Identified the +1 leather armour "Jitwiusy" {*Corrode Dex+4
                  | Stlth+}
 11143 | Lair:2   | Found a staircase to the Snake Pit.
 11345 | Lair:2   | Noticed Fannar
 11736 | Lair:2   | Reached **** piety under Vehumet
 11871 | Lair:2   | Found a staircase to the Swamp.
 11871 | Lair:2   | Noticed a bog body
 11890 | Lair:2   | Noticed a six-headed hydra
 11901 | Lair:2   | Reached XP level 12. HP: 45/92 MP: 19/23
 11902 | Lair:2   | Killed a six-headed hydra
 12198 | Lair:2   | Killed from afar by a bog body

Illustrated notes

Levels and vault maps discovered:
D:1:      saegor_arrival_simple_a, layout_rooms
D:2:      layout_basic, hellmonk_ecumenical_altar_crossroads
D:3:      layout_basic, gammafunk_temple_overflow_pools, minmay_misc_feat_rows,
          uniq_terence
D:4:      layout_basic, mainiacjoe_overflow_concentric_impassable,
          mainiacjoe_overflow_cross_hatched, kennysheep_mini
D:5:      layout_basic, minmay_temple_entry_statues
D:6:      layout_loops_corners, kiku_gazebo_garden_becter,
          nicolae_qazlal_style_of_elements
D:7:      layout_cave_pools, nicolae_ru_path_of_blood, uniq_maggie
D:8:      gammafunk_wand_slinger, layout_rooms, minmay_misc_feat_enclosed,
          serial_park_tiny_1
D:9:      layout_loops_corners, elyvilon_altar_3, lair_entry_dummy,
          serial_shops, nicolae_shop_bloodbath_and_beyond, uniq_prince_ribbit1
D:10:     layout_loops_ring, mainiacjoe_overflow_alcove_1
D:11:     layout_big_octagon, orc_0_dummy, lightli_church_of_beogh, uniq_erolcha
D:12:     layout_basic, nicolae_trove_entry_free_sample
Lair:1:   layout_cave_pods, grunt_megastairs_5
Lair:2:   layout_cellular_growth, skrybe_swamp_entry_bodies,
          guppyfry_snake_entry_island, beast_lair_carwin_6, uniq_fannar

Skill      XL: |  1  2  3  4  5  6  7  8  9 10 11 12 |
---------------+-------------------------------------+-----
Stealth        | 2 3 4 5 6 7 8 |  8.1
Dodging        | 2 3 4 5 6 7 |  7.4
Fighting       | 1 2 3 5 6 7 |  7.8
Ice Magic      | 4 5 6 7 8 |  8.1
Spellcasting   | 3 4 5 6 7 |  7.6
Conjurations   | 1 3 4 5 6 |  6.1
Short Blades   | 1 3 4 5 |  5.5
Necromancy     | 3 |  3.2

Action                   |  1- 3 |  4- 6 |  7- 9 | 10-12 || total
-------------------------+-------+-------+-------+-------++-------
Melee: Club              |    20 |       |       |       ||    20
       Punch             |     1 |       |     6 |     1 ||     8
       Short sword       |    29 |    57 |    98 |   145 ||   329
       Touch             |       |    12 |    18 |    22 ||    52
 Cast: Freeze            |    39 |    21 |    48 |   122 ||   230
       Frozen Ramparts   |       |     6 |     8 |    27 ||    41
       Ozocubu's Armour  |       |     4 |    18 |    31 ||    53
       Hailstorm         |       |       |     4 |       ||     4
Evoke: Wand              |       |       |     2 |     3 ||     5
  Use: Scroll            |       |       |    11 |    12 ||    23
       Potion            |       |       |       |     2 ||     2
 Stab: Paralysed         |     9 |    17 |    59 |    63 ||   148
       Sleeping          |     2 |     6 |     5 |     3 ||    16
       Distracted        |       |       |       |     2 ||     2
Armor: Robe              |    23 |     9 |    23 |       ||    55
       Leather armour    |       |       |       |    67 ||    67
       Steam dragon scal |       |       |       |     1 ||     1
Dodge: Dodged            |    70 |    42 |    87 |   165 ||   364
